 Dungeon Crawl Stone Soup version 0.30.1-3-gfc49f6343a (webtiles) character file.

Game seed: 3753184892887107177

1582 Arctor the Insei (level 8, -1/54 HPs)
             Began as an Octopode Transmuter on July 26, 2023.
             Slain by a steam dragon (2 damage)
             ... on level 6 of the Dungeon.
             The game lasted 00:04:59 (5648 turns).

Arctor the Insei (Octopode Transmuter)              Turns: 5648, Time: 00:05:00

Health: -1/54      AC:  2    Str: 16    XL:     8   Next: 92%
Magic:  14/14      EV: 13    Int: 26    God:
Gold:   256        SH:  0    Dex:  7    Spells: 8/16 levels left

rFire   . . .        p - +5 mace of Intimidation {flame, Int+9 Dex-5}
rCold   . . .        (no shield)
rNeg    . . .        i - +1 hat
rPois   .            (no amulet)
rElec   .            b - +6 ring of strength
rCorr   .            (no ring)
SInv    .            (no ring)
Will    .....        (no ring)
Stlth   ++           (no ring)
HPRegen 0.29/turn    (no ring)
MPRegen 0.14/turn    (no ring)
                     (no ring)

%: no passive effects
@: no status effects
A: almost no armour, amphibious, 8 rings, camouflage 1, gelatinous body 1,
(nimble swimmer 1), tentacles
a: no special abilities


You were on level 6 of the Dungeon.
You visited 1 branch of the dungeon, and saw 6 of its levels.

You collected 256 gold pieces.

Inventory:

Hand Weapons
 p - the +5 mace of Intimidation (weapon) {flame, Int+9 Dex-5}
   (You found it on level 3 of the Dungeon)

   Int:       It affects your intelligence (+9).
   Dex:       It affects your dexterity (-5).
Armour
 i - a +1 hat (worn)
 r - a +0 kite shield
Jewellery
 b - a +6 ring of strength (left tentacle)
 s - a ring of magical power
 u - a ring of resist corrosion
Wands
 k - a wand of polymorph (11)
 o - a wand of paralysis (6)
Scrolls
 c - 5 scrolls of identify {unknown}
 h - 4 scrolls of teleportation {unknown}
 m - a scroll of immolation {unknown}
 q - a scroll of magic mapping {unknown}
 t - a scroll of silence {unknown}
 v - a scroll of torment {unknown}
 w - 2 scrolls of enchant weapon {unknown}
Potions
 a - 4 potions of lignification
 e - 2 potions of mutation {unknown}
 f - a potion of flight {unknown}
 g - a potion of attraction {unknown}
 j - a potion of brilliance {unknown}
 l - 2 potions of haste {unknown}
 n - a potion of heal wounds


   Skills:
 + Level 4.5 Fighting
 + Level 3.5 Maces & Flails
 + Level 4.8 Dodging
 + Level 5.4 Unarmed Combat
 + Level 4.5 Spellcasting
 + Level 4.8 Transmutations


You had 8 spell levels left.
You knew the following spells:

 Your Spells              Type           Power      Damage    Failure   Level
a - Beastly Appendage     Tmut           62%        N/A       1%          1
b - Spider Form           Tmut/Pois      18%        N/A       9%          3
c - Ice Form              Ice/Tmut       18%        N/A       28%         4

Your spell library contained the following spells:

 Spells                   Type           Power      Damage    Failure   Level
 Wereblood                Tmut           31%        N/A       1%          2
 Necrotise                Necr           20%        1d5       9%          1
 Slow                     Hex            20%        N/A       9%          1
 Confusing Touch          Hex            5%         N/A       24%         3
 Vampiric Draining        Necr           5%         2d6       24%         3
 Agony                    Necr           5%         N/A       92%         5


Dungeon Overview and Level Annotations

Branches:
Dungeon (6/15)
 Temple: D:4-7

Altars:
Vehumet
Wu Jian


Innate Abilities, Weirdness & Mutations

You cannot wear most types of armour.
You are amphibious.
You can wear up to eight rings at the same time.
Your skin changes colour to match your surroundings (Stealth+).
Your rubbery body absorbs attacks. (AC +1, EV +1)
((You are camouflaged when in or above water. (Stealth+)))
You have tentacles for arms and can constrict up to eight enemies at once.


Message History

Found a rapier.
No target in view!
h - 4 scrolls labelled LYQORINALO (gained 1)
You see here a +0 rapier.
Found 8 stones.
No target in view!
You see here 8 stones.
A steam dragon comes into view.
A steam dragon is nearby!
A steam dragon is nearby!
A steam dragon is nearby!
The steam dragon hisses angrily.
A steam dragon is nearby!
You barely miss the steam dragon.
You squeeze the steam dragon, but do no damage.
The steam dragon misses you. The steam dragon closely misses you.
You hit the steam dragon. You burn the steam dragon.
The steam dragon is lightly wounded.
The steam dragon bites you! The steam dragon claws you.
You barely miss the steam dragon.
The steam dragon is lightly wounded.
The steam dragon breathes steam at you. The ball of steam hits you!!
The steam dragon bites you but does no damage.
The steam dragon claws you.
You are too injured to fight recklessly!
You're standing in a cloud of steam!
You are too injured to fight recklessly!
You're standing in a cloud of steam!
Unknown command.
You closely miss the steam dragon.
The steam dragon is lightly wounded.
You are engulfed in a cloud of scalding steam.
* * * LOW HITPOINT WARNING * * *
The steam dragon barely misses you. The steam dragon closely misses you.
It was a potion of curing.
You feel better.
You are engulfed in a cloud of scalding steam.
* * * LOW HITPOINT WARNING * * *
The steam dragon barely misses you. The steam dragon claws you.
You die...

#.##### #.# #.# .# #.#
#.# .# #.# #.# .# #.#
#.# .# #.# #(# .#
#.####### #.# .#
#.)...... #.# ##D#
#.#######
#.###########@# #.#
#.........#.§##
#.#######
#########.#§#.#
######........
#.#.##.##............<
#.#.# ###.####.######.
#.#.# #.# #.#
#.#.#####.####.#
#..............#
##...####.######


You could see a steam dragon (catching breath).

Vanquished Creatures
  Eustachio (D:3)
  2 water moccasins (D:6)
  2 black bears (D:5)
  An ice beast (D:4)
  An ogre (D:4)
  4 scorpions
  2 jellies
  7 hounds
  An orc priest (D:3)
  Ijyb (D:3)
  4 iguanas
  An orc wizard (D:3)
  8 adders
  An ufetubus (D:5)
  5 worms
  3 dart slugs
  16 orcs
  5 endoplasms
  4 giant cockroaches
  8 hobgoblins
  6 jackals
  5 ball pythons
  6 bats
  4 frilled lizards
  4 goblins
  9 kobolds
  8 rats
119 creatures vanquished.

Notes
Turn   | Place    | Note
-------+----------+-------------------------------------------
     0 | D:1      | Arctor the Octopode Transmuter began the quest for the Orb.
     0 | D:1      | Reached XP level 1. HP: 13/13 MP: 3/3
   322 | D:1      | Reached XP level 2. HP: 18/18 MP: 5/5
  1070 | D:2      | Reached XP level 3. HP: 23/23 MP: 6/6
  1121 | D:2      | Found a radiant altar of Vehumet.
  1299 | D:2      | Found a faded altar of an unknown god.
  1925 | D:3      | Reached XP level 4. HP: 18/29 MP: 7/7
  1930 | D:3      | Learned a level 3 spell: Spider Form
  2104 | D:3      | Noticed Ijyb
  2119 | D:3      | Killed Ijyb
  2189 | D:3      | Found an ornate altar of the Wu Jian Council.
  2296 | D:3      | Reached XP level 5. HP: 32/34 MP: 4/9
  2597 | D:3      | Identified the +5 mace of Intimidation {flame, Int+9 Dex-5}
  2904 | D:4      | Reached XP level 6. HP: 32/41 MP: 10/10
  2957 | D:4      | Reached skill level 4 in Unarmed Combat
  3077 | D:4      | Noticed Eustachio
  3080 | D:4      | Reached skill level 1 in Maces & Flails
  3092 | D:3      | Killed Eustachio
  3093 | D:3      | Reached XP level 7. HP: 27/46 MP: 10/12
  4047 | D:5      | Entered Level 5 of the Dungeon
  4211 | D:5      | Reached XP level 8. HP: 54/54 MP: 13/13
  4216 | D:5      | Learned a level 4 spell: Ice Form
  4476 | D:5      | Reached skill level 5 in Unarmed Combat
  5346 | D:6      | HP: 2/54 [poisoned by a water moccasin]
  5648 | D:6      | HP: 1/54 [steam dragon] (14)]
  5648 | D:6      | Slain by a steam dragon

Illustrated notes

Levels and vault maps discovered:
D:1:      psy_arrival_terrarium, layout_basic, dk_noncrumbling_3
D:2:      layout_loops_ring, basic_altar, ebering_ecumenical_altar_rust,
          serial_forest, infiniplex_forest_clump_long, infiniplex_forest_join,
          infiniplex_forest_clump_small, infiniplex_forest_clump_double,
          infiniplex_forest_lined_room_3, infiniplex_forest_end_2
D:3:      layout_loops_ring, pdpol_wu_jian_five_deadly_venoms,
          corexii_leaking_fountain, uniq_ijyb
D:4:      layout_basic, kennysheep_cluttered_room,
          minmay_misc_feat_secret_circle, uniq_eustachio
D:5:      layout_loops_ring
D:6:      layout_loops_ring

Skill      XL: |  1  2  3  4  5  6  7  8 |
---------------+-------------------------+-----
Fighting       | 2 3 4 |  4.5
Dodging        | 3 4 |  4.8
Transmutations | 3 4 |  4.8
Spellcasting   | 3 4 |  4.5
Unarmed Combat | 4 5 |  5.4
Maces & Flails | 1 2 3 |  3.5

Action                     |  1- 3 |  4- 6 |  7- 9 || total
---------------------------+-------+-------+-------++-------
  Melee: Unarmed           |    97 |    75 |       ||   172
         Constrict         |    28 |    23 |    28 ||    79
         Tentacles         |    21 |    17 |    21 ||    59
         Punch             |     3 |     2 |     2 ||     7
         Mace              |       |    23 |   108 ||   131
   Cast: Spider Form       |       |     1 |       ||     1
    Use: Potion            |       |       |     1 ||     1
   Stab: Sleeping          |    10 |    10 |     6 ||    26
 Armour: Skin              |     9 |     9 |    16 ||    34
  Dodge: Dodged            |    45 |    56 |   104 ||   205
